 Dungeon Crawl Stone Soup version 0.17-a0-737-gf0a300a (webtiles) character file.

114 Ngotmuk the Skirmisher (level 4, 0/44 HPs)
             Began as a Naga Fighter on Apr 21, 2015.
             Shot with an arrow by a centaur (2 damage)
             ... on level 4 of the Dungeon.
             The game lasted 00:08:54 (2287 turns).

Ngotmuk the Skirmisher (Naga Fighter)               Turns: 2287, Time: 00:08:54

Health: 0/44       AC:  8    Str: 19    XL:     4   Next: 98%
Magic:  4/4        EV:  5    Int:  9    God:
Gold:   100        SH:  8    Dex: 10    Spells: 0 memorised, 3 levels left

rFire  . . .     SeeInvis +     a - +0 long sword
rCold  . . .     Clarity  .     b - +0 scale mail
rNeg   . . .     SustAb   .     c - +0 shield
rPois  +         Gourm    .     (no helmet)
rElec  .         Spirit   .     (no cloak)
rCorr  .         Warding  .     j - +2 pair of gloves
rMut   .         Stasis   .     (no barding)
MR     .....                    (no amulet)
Stlth  ..........               (no ring)
                                (no ring)

@: very slow, not resistant to hostile enchantments, extremely unstealthy
A: see invisible, deformed body, poison resistance, slowness 2, slow metabolism
1, spit poison 2, AC +1
a: Spit Poison


You were on level 4 of the Dungeon.
You were not hungry.

You visited 1 branch of the dungeon, and saw 4 of its levels.

You collected 100 gold pieces.

Inventory:

Hand weapons
 a - a +0 long sword (weapon)
Armour
 b - a +0 scale mail (worn)
 c - a +0 shield (worn)
 j - a +2 pair of gloves (worn)
Jewellery
 l - a +3 ring of protection {unknown}
Scrolls
 i - a scroll of enchant weapon {unknown}
 n - a scroll of enchant armour {unknown}
 p - a scroll of noise {unknown}
Potions
 d - 2 potions of might
 h - a potion of agility {unknown}
 k - a potion of heal wounds {unknown}
 m - a potion of curing {unknown}
 o - a potion of brilliance {unknown}
Comestibles
 e - 2 bread rations
 f - 2 beef jerkies
 g - 2 meat rations
 q - a royal jelly


   Skills:
 + Level 3.7 Fighting
 + Level 3.0 Long Blades
 + Level 2.8 Armour
 + Level 1.1 Dodging
 + Level 2.9 Shields


You had 3 spell levels left.
You didn't know any spells.

Dungeon Overview and Level Annotations

Branches:
Dungeon (4/15)
 Temple: D:4-7

Altars:

Annotations:
D:3 Ngotmuk's ghost, average NaFi


Innate Abilities, Weirdness & Mutations

You cannot wear boots.
Your serpentine skin is tough (AC +1).
You have supernaturally acute eyesight.
Armour fits poorly on your strangely shaped body.
Your system is resistant to poisons.
You cover ground very slowly.
You have a slow metabolism.
You can spit poison.


Message History

* * * LOW HITPOINT WARNING * * *
You hit the centaur but do no damage. You block the bat's attack.
The adder bites you.
* * * LOW HITPOINT WARNING * * *
The centaur closely misses you. The adder bites you.
* * * LOW HITPOINT WARNING * * *
You closely miss the adder.
The adder is moderately wounded.
The bat completely misses you. The centaur hits you.
* * * LOW HITPOINT WARNING * * *
The centaur hits you but does no damage.
You block the adder's attack. The centaur barely misses you.
You slash the centaur!
The centaur is moderately wounded.
The bat barely misses you. You block the adder's attack.
The centaur hits you but does no damage.
The adder barely misses you.
The centaur wields an uncursed shortbow.
The centaur shoots an arrow.
The arrow hits you.
You die...

##.#..##...
##....###... ..
#......# ##.. ...#
####...# #.. #...
#...#####. #.>..
##.....##.. ##...###
#..........
.##....S.####
##..####....
.......c(@((###...#
##....
..####..##.(.....#
#..... #.b #####..##
#..... #..
##..####..... ##.
##...#.....# .#
#..........#
..#######...........
...........###.....(
#######.### #......


You could see a centaur and an adder.

Vanquished Creatures
  7 adders
  An ooze (D:2)
  3 worms (D:2)
  2 giant geckos
  An orc (D:3)
  2 ball pythons (D:2)
  3 giant cockroaches
  5 goblins
  4 hobgoblins
  7 bats
  2 giant newts
  5 kobolds
  4 rats
46 creatures vanquished.

Notes
Turn   | Place    | Note
--------------------------------------------------------------
     0 | D:1      | Ngotmuk, the Naga Fighter, began the quest for the Orb.
     0 | D:1      | Reached XP level 1. HP: 21/21 MP: 1/1
   182 | D:1      | Reached XP level 2. HP: 22/28 MP: 2/2
   717 | D:2      | Reached XP level 3. HP: 19/34 MP: 3/3
  1107 | D:2      | Reached XP level 4. HP: 29/42 MP: 4/4
  1164 | D:2      | Reached skill level 1 in Dodging
  1717 | D:3      | Noticed Ngotmuk's ghost (average NaFi)
  2274 | D:4      | Noticed a centaur
  2285 | D:4      | HP: 2/44 [centaur (5)]
  2287 | D:4      | Shot with an arrow by a centaur

Action                   |  1- 3 |  4- 6 || total
-------------------------+-------+-------++-------
Melee: Long sword        |   120 |   102 ||   222
 Abil: Spit Poison       |     7 |     4 ||    11
  Eat: Meat ration       |     1 |       ||     1
